 Dungeon Crawl Stone Soup version 0.31-a0-836-g3ceb0a68c4 (webtiles) character file.

Game seed: 7737077031205961081

7805 GloriousHammer the Impaler (level 11, -4/91 HPs)
             Began as a Minotaur Gladiator on Sept 26, 2023.
             Was an Initiate of Yredelemnul.
             Slain by an orc knight
             ... wielding a +0 halberd
              (15 damage)
             ... in a bailey.
             The game lasted 00:23:58 (8035 turns).

GloriousHammer the Impaler (Minotaur Gladiator)     Turns: 8035, Time: 00:23:59

Health: -4/91      AC: 20    Str: 24    XL:     11   Next: 1%
Magic:  13/13      EV: 18    Int:  6    God:    Yredelemnul [......]
Gold:   128        SH:  0    Dex: 11    Spells: 10/10 levels left

rFire   . . .        I - +0 halberd
rCold   . . .        (shield currently unavailable)
rNeg    + . .        w - +5 ring mail of the Candlemaker {rN+ rCorr Str+3 Dex-4}
rPois   .            c - +0 hat
rElec   .            (no cloak)
rCorr   +            q - +0 pair of gloves
SInv    .            K - +0 pair of boots
Will    .....        O - amulet of regeneration
Stlth   +            E - +5 ring of evasion
HPRegen 1.15/turn    T - +4 ring of protection
MPRegen 0.13/turn

%: no passive effects
@: no status effects
A: horns 2, retaliatory headbutt, iridescent scales 1, agile 1, sense
surroundings 1
a: Renounce Religion, Recall Undead Harvest


You were in a bailey.
You worshipped Yredelemnul.
Yredelemnul was noncommittal.
You visited 2 branches of the dungeon, and saw 11 of its levels.
You also visited: Bailey.

You collected 688 gold pieces.
You spent 560 gold pieces at shops.

Inventory:

Hand Weapons
 b - the +5 sling of Obiter Dictum {elec, Fly Dex+2}
   (You found it on level 2 of the Dungeon)

   Dex+2:     It affects your dexterity (+2).
   Fly:       It grants you flight.
 I - a +0 halberd (weapon)
 J - a +1 antimagic short sword
 N - the +1 spear of Tumult {flame, rCorr}
   (You bought it in a shop on level 6 of the Dungeon)

   rCorr:     It protects you from acid and corrosion.
Missiles
 a - 6 throwing nets
 e - a javelin
 x - 35 poisoned darts
 P - 2 boomerangs
Armour
 c - a +0 hat (worn)
 q - a +0 pair of gloves (worn)
 w - the +5 ring mail of the Candlemaker (worn) {rN+ rCorr Str+3 Dex-4}
   (You found it on level 3 of the Dungeon)

   Str+3:     It affects your strength (+3).
   Dex-4:     It affects your dexterity (-4).
   rN+:       It protects you from negative energy.
   rCorr:     It protects you from acid and corrosion.
 K - a +0 pair of boots (worn)
Jewellery
 d - a +6 ring of dexterity
 n - the amulet of Raisomy {Acrobat Int+2}
   (You found it on level 2 of the Dungeon)

   [amulet of the acrobat]

   Acrobat:   It increases your evasion while moving and waiting.
   Int+2:     It affects your intelligence (+2).
 z - a ring of wizardry
 C - a ring of ice
 D - a +6 ring of dexterity
 E - a +5 ring of evasion (left hand)
 F - a ring of protection from fire
 L - a ring of flight
 O - an amulet of regeneration (around neck)
 T - a +4 ring of protection (right hand)
 Z - a ring of wizardry
Wands
 j - a wand of paralysis (7) (quivered)
 B - a wand of mindburst (10)
 R - a wand of flame (8)
 V - a wand of iceblast (4)
Scrolls
 g - 3 scrolls of noise
 k - 2 scrolls of enchant armour
 s - 2 scrolls of fog
 t - 2 scrolls of blinking {unknown}
 u - 2 scrolls of fear {unknown}
 A - a scroll of immolation
 G - a scroll of poison {unknown}
 H - a scroll of silence {unknown}
 U - 6 scrolls of teleportation
 X - a scroll of torment {unknown}
Potions
 f - 3 potions of enlightenment {unknown}
 h - 3 potions of haste {unknown}
 i - a potion of experience {unknown}
 l - a potion of cancellation {unknown}
 m - 5 potions of mutation
 o - 3 potions of attraction
 p - 5 potions of curing
 r - 2 potions of degeneration {unknown}
 v - a potion of lignification
 M - 2 potions of ambrosia {unknown}
 S - 2 potions of invisibility {unknown}
 W - a potion of brilliance {unknown}
 Y - a potion of might {unknown}


   Skills:
 + Level 6.9 Fighting
 - Level 4.0(10.7) Axes
 + Level 15.2(15.4) Polearms
 - Level 2.0 Throwing
 + Level 6.4 Armour
 + Level 6.7 Dodging
 - Level 2.0 Stealth
 + Level 4.4 Invocations


You had 10 spell levels left.
You didn't know any spells.
Your spell library contained the following spells:

 Spells                   Type           Power      Damage    Failure   Level
 Kiss of Death            Conj/Necr      0%         2d5       58%         1
 Confusing Touch          Hex            0%         N/A       91%         3
 Dispel Undead            Necr           0%         3d6       100%        4
 Haunt                    Necr/Summ      0%         N/A       100%        7
 Borgnjor's Revivificati  Necr           0%         N/A       100%        8
 Death's Door             Necr           0%         N/A       100%        9


Dungeon Overview and Level Annotations

Branches:
Dungeon (10/15)            Temple (1/1) D:4            Lair (0/5) D:8
 Bailey (1/1)
    Orc: D:9-12

Altars:
Ashenzari
Cheibriados
Dithmenos
Elyvilon
Fedhas
Gozag
Hepliaklqana
Kikubaaqudgha
Makhleb
Nemelex Xobeh
Okawaru
Qazlal
Ru
Sif Muna
Trog
Uskayaw
Vehumet
Wu Jian
Xom
Yredelemnul
Zin
The Shining One

Shops:
D:2 :   D:3 =(   D:6 (   D:10 !


Innate Abilities, Weirdness & Mutations

You have a pair of horns on your head.
You reflexively headbutt those who attack you in melee.
You are partially covered in iridescent scales. (AC +2)
You are agile. (Dex +4, Str/Int -1)
You passively map a small area around you.


Message History

The orc barely misses your orc warrior zombie.
Your orc warrior zombie hits the orc knight but does no damage.
The orc knight closely misses your orc warrior zombie.
The orc hits your orc warrior zombie from afar with a +0 halberd.
Your orc warrior zombie barely misses the orc knight.
The orc knight hits your orc warrior zombie with a +0 halberd!!
Your orc warrior zombie is destroyed!
Throw: 2 darts (atropa)
Press: ? - help, Q - select action, (/) - cycle Shift-Dir - straight line, f/p - orc knight
Aim: an orc knight, wielding a +0 halberd and wearing a +0 plate armour (heavily wounded, 57% to hit, chance to blind on hit: 3%)
You throw an atropa-tipped dart.
The atropa-tipped dart closely misses the orc knight.
The atropa-tipped dart hits the orc.
The orc appears confused.
The orc seems less confused.
Throw: dart (atropa)
Press: ? - help, Q - select action, (/) - cycle Shift-Dir - straight line, f/p - orc knight
Aim: an orc knight, wielding a +0 halberd and wearing a +0 plate armour (heavily wounded, 57% to hit, chance to blind on hit: 3%)
You throw an atropa-tipped dart.
The atropa-tipped dart barely misses the orc knight.
The atropa-tipped dart hits the orc.
The orc appears confused.
Unknown command.
Unknown command.
Aiming: Paralyse
Press: ? - help, Q - select action, (/) - cycle Shift-Dir - straight line, f/p - orc knight
Aim: an orc knight, wielding a +0 halberd and wearing a +0 plate armour (heavily wounded, chance to affect: 31%)
The orc knight easily resists.
The orc seems less confused.
The orc knight barely misses you.
You are too injured to fight recklessly!
Reach: I) +0 halberd
Press: ? - help, Dir - move target, f/p - orc knight
Aim: an orc knight, wielding a +0 halberd and wearing a +0 plate armour (heavily wounded, about 38% to evade your +0 halberd)
You reach to attack!
You slash the orc knight!
The orc knight is severely wounded.
The orc knight hits you but does no damage.
Reach: I) +0 halberd
Press: ? - help, Dir - move target, f/p - orc knight
Aim: an orc knight, wielding a +0 halberd and wearing a +0 plate armour (severely wounded, about 38% to evade your +0 halberd)
You reach to attack!
You hit the orc knight.
The orc knight is severely wounded.
Reach: I) +0 halberd
Press: ? - help, Dir - move target, f/p - orc knight
Aim: an orc knight, wielding a +0 halberd and wearing a +0 plate armour (severely wounded, about 38% to evade your +0 halberd)
You reach to attack!
You closely miss the orc knight.
The orc knight is severely wounded.
The orc knight misses you.
The orc hits you from afar with a +0 halberd!
* * * LOW HITPOINT WARNING * * *
Reach: I) +0 halberd
Press: ? - help, Dir - move target, f - orc, p - orc knight
Aim: an orc, wielding a +0 halberd (heavily wounded, strong, about 38% to evade your +0 halberd)
You reach to attack!
You barely miss the orc.
The orc is heavily wounded.
The orc knight hits you but does no damage.
The orc hits you but does no damage.
Unknown command.
Reach: I) +0 halberd
Press: ? - help, Dir - move target, f/p - orc
Aim: an orc, wielding a +0 halberd (heavily wounded, strong, about 38% to evade your +0 halberd)
You reach to attack!
You hit the orc.
You kill the orc!
The orc knight hits you but does no damage.
Reach: I) +0 halberd
Press: ? - help, Dir - move target, f - orc knight
Aim: an orc knight, wielding a +0 halberd and wearing a +0 plate armour (severely wounded, about 38% to evade your +0 halberd)
You reach to attack!
You hit the orc knight but do no damage.
The orc knight is severely wounded.
Reach: I) +0 halberd
Press: ? - help, Dir - move target, f/p - orc knight
Aim: an orc knight, wielding a +0 halberd and wearing a +0 plate armour (severely wounded, about 38% to evade your +0 halberd)
You reach to attack!
You hit the orc knight but do no damage.
The orc knight is severely wounded.
The orc knight hits you from afar with a +0 halberd!!
* * * LOW HITPOINT WARNING * * *
You feel much better. The orc knight misses you.
Reach: I) +0 halberd
Press: ? - help, Dir - move target, f/p - orc knight
Aim: an orc knight, wielding a +0 halberd and wearing a +0 plate armour (severely wounded, about 38% to evade your +0 halberd)
You reach to attack!
You hit the orc knight.
The orc knight is almost dead.
The orc is no longer blind.
The orc knight hits you from afar with a +0 halberd!
* * * LOW HITPOINT WARNING * * *
The orc hits you from afar with a +0 trident.
* * * LOW HITPOINT WARNING * * *
There is an open door here.
Okay, then.
Aiming: Mindburst
Press: ? - help, Shift-Dir - straight line, f/p - orc knight
Aim: an orc knight, wielding a +0 halberd and wearing a +0 plate armour (severely wounded, chance to affect: 47%)
The orc knight resists with some effort.
The orc knight misses you. The orc barely misses you.
Aiming: Mindburst
Press: ? - help, Shift-Dir - straight line, f/p - orc knight
Aim: an orc knight, wielding a +0 halberd and wearing a +0 plate armour (severely wounded, chance to affect: 47%)
The orc knight resists with some effort.
The orc knight hits you from afar with a +0 halberd!
You die...
Your body rises from the dead as a mindless zombie.

####### ############
#####.....## ##...))...∩.##
...#.......######....)#).....#
...'...##).#....#....###.....#
...'....8.((..o.@.....8.....∩#
!.o'...##))#.)o.#....###.....#
...#.....))######.....#......#
#####.....## ##........∩.##
####### ############


You could see an orc knight and an orc (strong).

Vanquished Creatures
  A two-headed ogre (D:10)
  2 komodo dragons (D:8)
  A troll (D:10)
  A hornet (D:10)
  2 wyverns
  5 yaks
  2 acid dragons (D:9)
  3 water moccasins (D:8)
  Duvessa (D:4)
  A sky beast (D:8)
  4 orc warriors
  3 black bears
  An ogre (D:4)
  The ghost of HKK101 the Slasher, an amateur DsMo of Kikubaaqudgha (D:4)
  2 phantoms (D:6)
  6 centaurs
  2 kobold brigands (D:7)
  6 bullfrogs
  2 gnoll sergeants
  4 scorpions
  13 wights
  Dowan (D:4)
  2 killer bees (D:7)
  3 hounds
  5 orc priests
  A gnoll bouda (D:6)
  A jelly (D:5)
  2 sleepcaps
  A bullfrog skeleton (D:4)
  5 iguanas
  9 orc wizards
  10 adders
  3 river rats (D:10)
  14 gnolls
  A shadow imp (D:5)
  A white imp (D:7)
  A worm (D:4)
  38 orcs
  3 ball pythons
  3 bats
  6 endoplasms
  A giant cockroach (D:4)
  10 goblins
  4 hobgoblins
  6 jackals
  2 quokkas (D:5)
  2 frilled lizards
  12 kobolds
  8 rats
218 creatures vanquished.

Vanquished Creatures (collateral kills)
  A yak (D:9)
  A wyvern zombie (D:4)
  A killer bee (D:7)
  An orc priest (D:9)
  A centaur skeleton (D:4)
  A gnoll (D:5)
  4 river rats (D:10)
  3 orcs
  9 rats (D:10)
22 creatures vanquished.

Vanquished Creatures (others)
  A hornet zombie (D:10)
  A bullfrog zombie (D:6)
  A centaur zombie (D:10)
  2 hound zombies
  An adder zombie (D:5)
  3 gnoll zombies (D:7)
  2 river rat zombies (D:10)
  2 endoplasm zombies (D:4)
  2 kobold zombies (D:7)
  17 orc zombies
  A quokka zombie (D:5)
  2 rat zombies (D:10)
35 creatures vanquished.

Grand Total: 275 creatures vanquished

Notes
Turn   | Place    | Note
-------+----------+-------------------------------------------
     0 | D:1      | GloriousHammer the Minotaur Gladiator began the quest for
                  | the Orb.
     0 | D:1      | Reached XP level 1. HP: 18/18 MP: 0/0
     1 | D:1      | Noticed an electric eel
   283 | D:1      | Reached skill level 4 in Polearms
   498 | D:1      | Reached XP level 2. HP: 25/25 MP: 1/1
   658 | D:2      | Identified the amulet of Raisomy {Acrobat Int+2}
   873 | D:2      | Reached skill level 5 in Polearms
   930 | D:2      | Reached XP level 3. HP: 30/30 MP: 2/2
   984 | D:2      | Found Doash's Vocational Training.
  1060 | D:2      | Identified the +5 sling of Obiter Dictum {elec, Fly Dex+2}
  1099 | D:2      | Found a faded altar of an unknown god.
  1435 | D:3      | Found Wusea's Jewellery Emporium.
  1454 | D:3      | Reached skill level 6 in Polearms
  1454 | D:3      | Reached XP level 4. HP: 37/37 MP: 3/3
  1478 | D:3      | Identified the +5 ring mail of the Candlemaker {rN+ rCorr
                  | Str+3 Dex-4}
  1610 | D:3      | Found Dote Huss's Weapon Shoppe.
  2061 | D:4      | Noticed Dowan
  2070 | D:4      | Killed Dowan
  2071 | D:4      | Reached skill level 7 in Polearms
  2071 | D:4      | Reached XP level 5. HP: 42/42 MP: 4/4
  2072 | D:4      | Noticed Duvessa
  2083 | D:4      | Gained mutation: You passively map a small area around you.
                  | [potion of mutation]
  2083 | D:4      | Gained mutation: You are partially covered in iridescent
                  | scales. (AC +2) [potion of mutation]
  2083 | D:4      | Gained mutation: You are agile. (Dex +4, Str/Int -1)
                  | [potion of mutation]
  2102 | D:4      | Killed Duvessa
  2103 | D:4      | Reached skill level 8 in Polearms
  2257 | D:4      | Found a transporter.
  2257 | D:4      | Noticed HKK101's ghost (amateur DsMo)
  2302 | D:4      | Reached XP level 6. HP: 50/50 MP: 5/5
  2324 | D:4      | Paralysed by a wight for 4 turns
  2340 | D:4      | Reached skill level 9 in Polearms
  2350 | D:4      | Reached XP level 7. HP: 29/56 MP: 6/6
  2589 | D:4      | Found a staircase to the Ecumenical Temple.
  2623 | Temple   | Entered the Ecumenical Temple
  2623 | Temple   | Noticed a rust devil
  2623 | Temple   | Noticed an ice devil
  2624 | Temple   | Noticed Alagooh the pandemonium lord
  2624 | Temple   | Noticed a hellwing
  2624 | Temple   | Noticed an orange demon
  2624 | Temple   | Noticed Souho the pandemonium lord
  2624 | Temple   | Noticed a chaos spawn
  2624 | Temple   | Noticed a red devil
  2627 | Temple   | Noticed Xuvurola the pandemonium lord
  2627 | Temple   | Noticed a green death
  2628 | Temple   | Noticed a Hell Sentinel
  2639 | Temple   | Became a worshipper of Yredelemnul the Dark
  2648 | Temple   | Noticed a cacodemon
  2653 | Temple   | Noticed a rust devil
  2653 | Temple   | Noticed Biptut the pandemonium lord
  2682 | D:4      | Reached skill level 10 in Polearms
  2706 | D:4      | Reached * piety under Yredelemnul
  3036 | D:4      | Found a transporter.
  3249 | D:4      | Killed HKK101's ghost
  3252 | D:4      | Reached skill level 11 in Polearms
  3324 | D:5      | Entered Level 5 of the Dungeon
  3393 | D:5      | Noticed a wyvern
  3400 | D:5      | Killed a wyvern
  3401 | D:5      | Reached XP level 8. HP: 53/62 MP: 7/7
  3584 | D:5      | Reached skill level 12 in Polearms
  3871 | D:5      | Found an ancient bone altar of Kikubaaqudgha.
  3871 | D:5      | Found a shadowy altar of Dithmenos.
  3930 | D:5      | Reached ** piety under Yredelemnul
  4218 | D:6      | Reached skill level 13 in Polearms
  4281 | D:6      | Found a radiant altar of Vehumet.
  4619 | D:6      | Found Ximnufal's Antique Weapon Shop.
  4626 | D:6      | Bought a crystal spear for 200 gold pieces
  4626 | D:6      | Identified the +1 spear of Tumult {flame, rCorr} (You
                  | bought it in a shop on level 6 of the Dungeon)
  4819 | D:6      | Identified the +7 orcbow of Kumol {heavy, Drain rF++ rN+
                  | rCorr}
  5073 | D:6      | Reached skill level 1 in Axes
  5087 | D:7      | Reached skill level 14 in Polearms
  5090 | D:7      | Reached skill level 1 in Armour
  5090 | D:7      | Reached XP level 9. HP: 56/68 MP: 8/8
  5094 | D:7      | Reached skill level 1 in Stealth
  5311 | D:7      | Upgraded the game from 0.31-a0-833-gc15d34cb79 to
                  | 0.31-a0-836-g3ceb0a68c4
  5516 | D:7      | Reached *** piety under Yredelemnul
  5534 | D:7      | Found a hide-covered altar of Uskayaw.
  5640 | D:7      | Reached skill level 1 in Invocations
  5681 | D:7      | Reached **** piety under Yredelemnul
  6305 | D:8      | Reached skill level 5 in Dodging
  6445 | D:8      | Noticed a komodo dragon
  6457 | D:8      | Killed a komodo dragon
  6458 | D:8      | Reached skill level 5 in Fighting
  6458 | D:8      | Reached XP level 10. HP: 76/81 MP: 10/10
  6482 | D:8      | Found a staircase to the Lair.
  6500 | D:8      | Reached skill level 5 in Armour
  7074 | D:3      | Bought a +5 ring of evasion for 360 gold pieces
  7324 | D:9      | Reached skill level 15 in Polearms
  7371 | D:9      | You fall into a shaft and drop 1 floor!
  7371 | D:10     | Entered Level 10 of the Dungeon
  7371 | D:10     | Found Taetetav's Distillery.
  7426 | D:10     | Noticed a two-headed ogre
  7434 | D:10     | Killed a two-headed ogre
  7628 | D:10     | Found a flagged portal.
  7646 | Bailey   | Entered a bailey
  7961 | Bailey   | Noticed an orc knight
  7974 | Bailey   | Reached XP level 11. HP: 83/91 MP: 13/13
  8030 | Bailey   | HP: 4/91 [orc knight/+0 halberd (20)]
  8035 | Bailey   | Slain by an orc knight

Illustrated notes

Levels and vault maps discovered:
D:1:      arrival_aquarium_a, layout_basic, hangedman_decor_push,
          hangedman_abyss_or_decor_lesser_grid
D:2:      layout_loops_ring, ebering_ecumenical_altar_box,
          corexii_hall_statues_x, minmay_gold_behind_fungi,
          nicolae_shop_vocational
D:3:      layout_basic, serial_shops, nicolae_diamond_shop,
          nicolae_shop_gaudy_bauble, fountainhead
D:4:      layout_basic, minmay_temple_entry_gardened_gates,
          gammafunk_ghost_mausoleum, uniq_duvessa
D:5:      layout_loops_ring, gammafunk_temple_overflow_elements,
          minmay_misc_feat_secret_circle
D:6:      layout_cave_pods, vehumet_crystals, serial_shops, nicolae_diamond_shop
D:7:      layout_loops_ring, nicolae_overflow_hidden_temple
D:8:      layout_rooms, due_lair_maze_entry_diamond, minivault_25
D:9:      layout_rooms, eino_small_chamber_without_monster
D:10:     layout_roguey, david_orc_3, serial_glass, glass_columns_a,
          glass_columns_a, feat_on_display, due_unseen_surprise,
          feat_on_display, serial_shops, shop, enter_bailey_3,
          nrook_pool_corridor, dk_rats_in_the_wall
Temple:   nicolae_temple_panitentiary
Bailey:   bailey_polearm_5, bailey

Skill      XL: |  1  2  3  4  5  6  7  8  9 10 |
---------------+-------------------------------+-----
Polearms       | 4 5 6 7 8 9 11 14 15 | 15.2
Axes           | 1 4 |  4.0
Armour         | 1 4 6 |  6.4
Fighting       | 5 6 |  6.9
Stealth        | 2 |  2.0
Dodging        | 5 6 |  6.7
Invocations    | 2 4 |  4.4
Throwing       | |  2.0

Action                     |  1- 3 |  4- 6 |  7- 9 | 10-12 || total
---------------------------+-------+-------+-------+-------++-------
  Melee: Trident           |    56 |    65 |   161 |       ||   282
         Headbutt          |     6 |     5 |    48 |    21 ||    80
         Punch             |       |       |     3 |       ||     3
         Halberd           |       |       |   156 |   220 ||   376
   Fire: Sling             |    14 |    19 |       |       ||    33
  Throw: Dart              |       |       |       |     2 ||     2
  Evoke: Wand              |       |       |       |     3 ||     3
    Use: Potion            |       |     3 |     1 |     2 ||     6
         Scroll            |       |       |     9 |       ||     9
   Stab: Sleeping          |     1 |       |     1 |       ||     2
         Distracted        |       |       |     1 |     4 ||     5
 Armour: Leather armour    |    20 |     1 |       |       ||    21
         Ring mail         |       |    43 |   125 |   111 ||   279
         Skin              |       |       |    39 |       ||    39
  Dodge: Dodged            |    28 |    32 |   127 |   175 ||   362

Table legend: (Time is in decaauts)
 A = Elapsed time spent in this place.
 B = Non-inter-level travel time spent in this place.
 C = Inter-level travel time spent in this place.
 D = Time resting spent in this place.
 E = Time spent auto-exploring this place.
 F = Levels seen in this place.
 G = Mean time per level.
                   A        B        C        D        E       F      G
               +--------+--------+--------+--------+--------+-----+--------+
         Total |   7889 |   7348 |    541 |   1370 |   3956 |  12 |  657.4 |
       Dungeon |   7492 |   6951 |    541 |   1170 |   3956 |  10 |  749.2 |
        Temple |     31 |     31 |      0 |      0 |      0 |   1 |   31.0 |
        Bailey |    365 |    365 |      0 |    200 |      0 |   1 |  365.0 |
               +--------+--------+--------+--------+--------+-----+--------+

Top non-repeatable levels by time:
     D:4: 1244 daAuts
     D:6: 1175 daAuts
     D:7: 1048 daAuts
     D:5: 762 daAuts
     D:2: 748 daAuts
     D:8: 709 daAuts
     D:3: 690 daAuts
     D:1: 655 daAuts
  Bailey: 365 daAuts
    D:10: 255 daAuts
     D:9: 202 daAuts
  Temple: 31 daAuts
